 Dungeon Crawl Stone Soup version 0.23.2-1-ga50397a (webtiles) character file.

Game seed: 15798804440150975606

462 xveg the Slinger (level 7, -1/46 HPs)
             Began as a Halfling Hunter on May 9, 2019.
             Was a Follower of Fedhas.
             Slain by a killer bee (8 damage)
             ... on level 5 of the Dungeon.
             The game lasted 00:06:26 (3912 turns).

xveg the Slinger (Halfling Hunter)                  Turns: 3912, Time: 00:06:26

Health: -1/46      AC:  6    Str: 17    XL:     7   Next: 28%
Magic:  7/7        EV: 14    Int:  9    God:    Fedhas [*.....]
Gold:   130        SH:  0    Dex: 17    Spells: 6/6 levels left

rFire    . . .     SeeInvis .   a - +1 hunting sling
rCold    . . .     Gourm    .   (shield restricted)
rNeg     . . .     Faith    .   i - +0 ring mail
rPois    .         Spirit   .   (no helmet)
rElec    .         Reflect  .   q - +0 cloak
rCorr    .         Harm     .   (no gloves)
MR       .....                  (no boots)
Stlth    +.........             r - amulet of inaccuracy (curse)
HPRegen  0.15/turn              v - +2 ring of dexterity
MPRegen  0.10/turn              k - +2 ring of strength

@: lethally poisoned (-1 -> -2)
A: small, mutation resistance 1
a: Fungal Bloom, Sunlight, Renounce Religion


You were on level 5 of the Dungeon.
You worshipped Fedhas.
Fedhas was aware of your devotion.
You were not hungry.

You visited 1 branch of the dungeon, and saw 5 of its levels.

You collected 130 gold pieces.

Inventory:

Hand Weapons
 a - a +1 hunting sling (weapon)
 b - a +0 short sword
 g - a +2 short sword of holy wrath
Missiles
 d - 19 sling bullets (quivered)
 l - 86 stones
Armour
 c - a +0 leather armour
 i - a +0 ring mail (worn)
 q - a +0 cloak (worn)
Jewellery
 h - an uncursed amulet of the gourmand
 k - a +2 ring of strength (right hand)
 m - a cursed amulet of inaccuracy
 r - a cursed amulet of inaccuracy (around neck)
 t - a +4 amulet of reflection
 v - a +2 ring of dexterity (left hand)
 w - an uncursed amulet of harm
 y - a cursed amulet of inaccuracy
Wands
 u - a wand of polymorph (10)
 F - a wand of flame (23)
Scrolls
 p - 2 scrolls of fear
Potions
 j - 2 potions of agility {unknown}
 o - a potion of ambrosia {unknown}
 s - 3 potions of lignification {unknown}
 x - a potion of invisibility {unknown}
 z - a potion of brilliance {unknown}
 A - a potion of might {unknown}
 C - a potion of magic
 D - a potion of resistance {unknown}
Comestibles
 f - 7 rations


   Skills:
 + Level 3.2 Fighting
 + Level 10.2 Slings
 + Level 1.9 Armour
 + Level 2.5 Dodging
 + Level 1.2 Stealth


You had 6 spell levels left.
You didn't know any spells.
Your spell library was empty.

Dungeon Overview and Level Annotations

Branches:
Dungeon (5/15)
 Temple: D:4-7

Altars:
Cheibriados
Fedhas
Makhleb
Okawaru
Qazlal
Ru
Sif Muna
Uskayaw
Vehumet
Zin
The Shining One

Shops:
D:5 [!


Innate Abilities, Weirdness & Mutations

You are small and have problems with some larger weapons.
You are somewhat resistant to further mutation.


Message History

Press: ? - help, Shift-Dir - straight line, f/p - killer bee
Aim: a killer bee (severely wounded)
You shoot a sling bullet. The sling bullet misses the killer bee.
The sling bullet hits the killer bee.
The killer bee is severely wounded.
The killer bee misses you.
Firing (i - inventory. (/) - cycle)
d - 20 sling bullets (quivered)
Press: ? - help, Shift-Dir - straight line, f/p - killer bee
Aim: a killer bee (heavily wounded)
You shoot a sling bullet.
The sling bullet closely misses the killer bee.
The sling bullet barely misses the killer bee.
The killer bee misses you. The killer bee closely misses you.
You feel sick.
The killer bee stings you but does no damage.
The killer bee closely misses you. The killer bee misses you.
You feel sick. The killer bee stings you!
You die...
Fedhas appreciates your contribution to the ecosystem.

####..#### #.#.### ##....#
##########......
######.#########...............
#>......>.........#######.....##
..#####......................###
#.....####........###.....
#....#.....####### #..###
...##.#.#..###### ######...#
#.....∩.....@yy#####...##....
##.#.#.#######y..((....(#....
#.#.... #####........... #
##.### ##........... #.
#...........# #. #.#.(....(###
.. #..#(......... #.
...#........... ................


You could see 3 killer bees.

Vanquished Creatures
  A howler monkey (D:4)
  A crimson imp (D:5)
  3 orc wizards
  An orc priest (D:3)
  A bullfrog skeleton (D:4)
  3 worker ants (D:4)
  6 adders
  A worm (D:2)
  4 dart slugs
  7 leopard geckos
  17 orcs
  3 ball pythons
  7 giant cockroaches
  8 goblins
  4 hobgoblins
  3 jackals (D:1)
  A quokka (D:2)
  5 bats
  5 frilled lizards
  9 kobolds
  A quokka skeleton (D:5)
  7 rats
98 creatures vanquished.

Notes
Turn   | Place    | Note
-------+----------+-------------------------------------------
     0 | D:1      | xveg the Halfling Hunter began the quest for the Orb.
     0 | D:1      | Reached XP level 1. HP: 14/14 MP: 1/1
    32 | D:1      | Reached skill level 6 in Slings
    91 | D:1      | Reached XP level 2. HP: 18/19 MP: 2/2
   307 | D:1      | Reached XP level 3. HP: 24/24 MP: 3/3
   478 | D:1      | Reached skill level 7 in Slings
  1043 | D:2      | Reached XP level 4. HP: 26/29 MP: 4/4
  1203 | D:2      | Found an iron altar of Okawaru.
  1210 | D:2      | Found a snail-covered altar of Cheibriados.
  1211 | D:2      | Found a blossoming altar of Fedhas.
  1212 | D:2      | Found a deep blue altar of Sif Muna.
  1212 | D:2      | Found a glowing golden altar of the Shining One.
  1212 | D:2      | Found a burning altar of Makhleb.
  1212 | D:2      | Found a radiant altar of Vehumet.
  1215 | D:2      | Became a worshipper of Fedhas Madash
  1217 | D:2      | Found a sacrificial altar of Ru.
  1219 | D:2      | Found a stormy altar of Qazlal.
  1221 | D:2      | Found a hide-covered altar of Uskayaw.
  1223 | D:2      | Found a glowing silver altar of Zin.
  1806 | D:3      | Reached skill level 8 in Slings
  2071 | D:3      | Reached XP level 5. HP: 34/34 MP: 5/5
  2724 | D:4      | Reached skill level 9 in Slings
  2724 | D:4      | Reached skill level 1 in Armour
  2724 | D:4      | Reached XP level 6. HP: 36/41 MP: 6/6
  2970 | D:4      | Reached * piety under Fedhas
  3374 | D:4      | Reached XP level 7. HP: 46/46 MP: 7/7
  3576 | D:4      | Reached skill level 10 in Slings
  3802 | D:5      | Entered Level 5 of the Dungeon
  3809 | D:5      | Found Kucheror's Antique Armour Boutique.
  3878 | D:5      | Found Currok's Distillery.
  3912 | D:5      | Slain by a killer bee

Skill      XL: |  1  2  3  4  5  6  7 |
---------------+----------------------+-----
Slings         | 6 7 8 9 10 | 10.2
Fighting       | 2 3 |  3.2
Armour         | 1 |  1.9
Dodging        | |  2.5
Stealth        | |  1.2

Action                   |  1- 3 |  4- 6 |  7- 9 || total
-------------------------+-------+-------+-------++-------
 Fire: Hunting sling     |    71 |   239 |    71 ||   381
  Use: Scroll            |       |     6 |     4 ||    10
       Potion            |       |       |     3 ||     3
  Eat: Chunk             |       |     2 |       ||     2
       Ration            |       |     2 |       ||     2
Armor: Leather armour    |     1 |       |       ||     1
       Ring mail         |     1 |    23 |     9 ||    33
Dodge: Dodged            |    12 |    50 |    48 ||   110
Block: Other             |       |    11 |     2 ||    13
